 Dungeon Crawl Stone Soup version 0.26-a0-835-g8259106e14 (webtiles) character file.

Game seed: 2054816184539975303

150 pablito the Insei (level 5, -3/33 HPs)
             Began as an Octopode Transmuter on Nov 17, 2020.
             Was an Initiate of Wu Jian.
             Killed by nerve-wracking pain
             ... invoked by an orc priest
              (8 damage)
             ... on level 4 of the Dungeon.
             The game lasted 00:07:51 (2517 turns).

pablito the Insei (Octopode Transmuter)             Turns: 2517, Time: 00:07:52

Health: -3/33      AC:  1    Str:  9    XL:     5   Next: 32%
Magic:  7/8        EV: 13    Int: 21    God:    Wu Jian [......]
Gold:   90         SH:  0    Dex: 14    Spells: 5/9 levels left

rFire    + . .     SeeInvis .     - Unarmed
rCold    x . .     Faith    .   (no shield)
rNeg     . . .     Spirit   .   (helmet currently unavailable)
rPois    .         Reflect  .   (no amulet)
rElec    .         Harm     .   l - ring of fire
rCorr    .         Rampage  .   p - +6 ring of intelligence
MR       .....                  u - ring of wizardry
Stlth    ++........             (no ring)
HPRegen  0.11/turn              (no ring)
MPRegen  0.11/turn              (no ring)
                                (no ring)
                                (no ring)

@: appendages
A: almost no armour, stealthy swim, amphibious, 8 rings, constrict 8, tentacle
spike 3, camouflage 1, gelatinous body 1
a: End Transformation, Renounce Religion


You were on level 4 of the Dungeon.
You worshipped Wu Jian.
Wu Jian was noncommittal.
One of your tentacles had a temporary spike.
You visited 1 branch of the dungeon, and saw 4 of its levels.

You collected 90 gold pieces.

Inventory:

Missiles
 o - 21 poisoned darts (quivered)
Jewellery
 l - a ring of fire (left tentacle)
 p - a +6 ring of intelligence (right tentacle)
 u - a ring of wizardry (on tentacle)
Scrolls
 a - 3 scrolls of identify {unknown}
 b - a scroll of enchant weapon {unknown}
 e - a scroll of teleportation {unknown}
 f - 2 scrolls of random uselessness {unknown}
 i - 2 scrolls of amnesia {unknown}
 j - 3 scrolls of remove curse {unknown}
 k - a scroll of magic mapping {unknown}
 m - a scroll of fog {unknown}
 s - a scroll of fear {unknown}
 t - a scroll of enchant armour {unknown}
Potions
 c - 2 potions of curing {unknown}
 d - a potion of brilliance {unknown}
 g - 2 potions of heal wounds {unknown}
 h - a potion of flight {unknown}
 n - a potion of might {unknown}
 q - a potion of cancellation {unknown}
 r - a potion of magic {unknown}


   Skills:
 - Level 1.0 Fighting
 + Level 1.6 Throwing
 - Level 2.0 Dodging
 + Level 4.7 Unarmed Combat
 + Level 2.6 Spellcasting
 + Level 2.7 Transmutations


You had 5 spell levels left.
You knew the following spells:

 Your Spells              Type           Power        Failure   Level
a - Beastly Appendage     Tmut           ##....       1%          1
b - Spider Form           Tmut/Pois      #.........   10%         3

Your spell library contained the following spells:

 Spells                   Type           Power        Failure   Level
 Wereblood                Tmut           ##......     2%          2
 Ice Form                 Ice/Tmut       #.......     30%         4
 Blade Hands              Tmut           ##........   43%         5


Dungeon Overview and Level Annotations

Branches:
Dungeon (3/15)

Altars:
Gozag
Nemelex Xobeh
Sif Muna
Wu Jian


Innate Abilities, Weirdness & Mutations

You cannot wear most types of armour.
You are very stealthy in the water. (Stealth+)
You are amphibious.
You can wear up to eight rings at the same time.
You can use your tentacles to constrict eight enemies at once.
Your skin changes colour to match your surroundings (Stealth+).
Your rubbery body absorbs attacks. (AC +1, EV +1)
One of your tentacles bears a large vicious spike.


Message History

You constrict the orc priest. The orc hits you with a +0 whip.
* * * LOW HITPOINT WARNING * * *
The orc wizard hits you but does no damage.
The orc priest misses you.
You tentacle-slap the orc priest but do no damage.
You tentacle-slap the orc priest.
The orc priest is heavily wounded.
You constrict the orc priest, but do no damage.
The orc hits you with a +0 whip.
* * * LOW HITPOINT WARNING * * *
The orc wizard hits you with a +0 dagger.
* * * LOW HITPOINT WARNING * * *
You release your grip on the orc priest.
The orc priest calls down the wrath of Beogh upon you.
You barely resist.
Things that are here:
a +0 dagger; a +0 robe; an orc corpse The orc priest invokes the aid of Beogh against you.
Pain shoots through your body!
You die...

.. . . ### ..#.
..# ## ..... #.#
##.##
..o##.###@#.#####
.o..##)#.......
#..###ooo#####
...##..####.######
#..............#
#.#...###.####.# #
#.... ..#
.....##..#
#.######..#


You could see an orc priest and an orc wizard.

Vanquished Creatures
  An orc priest (D:4)
  An orc wizard (D:4)
  4 adders
  An ooze (D:1)
  2 dart slugs
  2 leopard geckos
  A giant cockroach (D:1)
  7 goblins
  7 hobgoblins
  2 quokkas
  6 bats
  2 frilled lizards
  5 kobolds
  6 rats
47 creatures vanquished.

Notes
Turn   | Place    | Note
-------+----------+-------------------------------------------
     0 | D:1      | pablito the Octopode Transmuter began the quest for the
                  | Orb.
     0 | D:1      | Reached XP level 1. HP: 13/13 MP: 3/3
    75 | D:1      | Reached XP level 2. HP: 16/18 MP: 5/5
   499 | D:1      | Reached skill level 4 in Unarmed Combat
   628 | D:1      | Reached XP level 3. HP: 4/23 MP: 6/6
  1493 | D:2      | Found a faded altar of an unknown god.
  1651 | D:2      | Reached XP level 4. HP: 23/28 MP: 7/7
  1727 | D:2      | Found a faded altar of an unknown god.
  1727 | D:2      | Found a shimmering blue altar of Sif Muna.
  1735 | D:2      | Found an ornate altar of the Wu Jian Council.
  1742 | D:2      | Found a sparkling altar of Nemelex Xobeh.
  1744 | D:2      | Found an opulent altar of Gozag.
  1763 | D:2      | Became a worshipper of the Wu Jian Council
  2180 | D:2      | Learned a level 3 spell: Spider Form
  2278 | D:3      | Reached skill level 1 in Throwing
  2498 | D:3      | You fall into a shaft and drop 1 floor!
  2511 | D:4      | Reached XP level 5. HP: 33/33 MP: 8/8
  2517 | D:4      | Killed from afar by an orc priest

Illustrated notes

Levels and vault maps discovered:
D:1:      onia_arrival_pentagram, layout_basic, hangedman_abyss_or_decor_stabs
D:2:      layout_rooms, chequers_temple_overflow_minitemple,
          chequers_ecumenical_altar_twisty, minmay_pentomino_x4
D:3:      layout_loops_cross, serial_bayou_pond_d, minivault_4
D:4:      layout_loops_ring

Skill      XL: |  1  2  3  4 |
---------------+-------------+-----
Unarmed Combat | 4 |  4.7
Throwing       | 1 |  1.6
Fighting       | |  1.0
Dodging        | |  2.0
Spellcasting   | |  2.6
Transmutations | |  2.7

Action                   |  1- 3 |  4- 6 || total
-------------------------+-------+-------++-------
Melee: Unarmed           |    67 |    48 ||   115
       Constrict         |    18 |    15 ||    33
       Tentacles         |    14 |    12 ||    26
       Punch             |       |     3 ||     3
       Kick              |       |     2 ||     2
Throw: Dart              |       |     2 ||     2
 Cast: Beastly Appendage |       |     2 ||     2
       Spider Form       |       |     1 ||     1
Invok: Lunge             |       |    12 ||    12
 Stab: Sleeping          |     5 |     5 ||    10
       Distracted        |       |     1 ||     1
Armor: Skin              |     8 |       ||     8
Dodge: Dodged            |    42 |    17 ||    59

Table legend: (Time is in decaauts)
 A = Elapsed time spent in this place.
 B = Non-inter-level travel time spent in this place.
 C = Inter-level travel time spent in this place.
 D = Time resting spent in this place.
 E = Time spent auto-exploring this place.
 F = Levels seen in this place.
 G = Mean time per level.
                   A        B        C        D        E       F      G
               +--------+--------+--------+--------+--------+-----+--------+
         Total |   2507 |   2428 |     79 |    418 |   1588 |   4 |  626.8 |
       Dungeon |   2507 |   2428 |     79 |    418 |   1588 |   4 |  626.8 |
               +--------+--------+--------+--------+--------+-----+--------+

Top non-repeatable levels by time:
     D:1: 1124 daAuts
     D:2: 1076 daAuts
     D:3: 288 daAuts
     D:4: 17 daAuts
